 Dungeon Crawl Stone Soup version 0.31-a0-187-gba352fbbf7 (webtiles) character file.

Game seed: 1758571187363505017

1262 IdlyInterested the Trooper (level 8, -5/67 HPs)
             Began as a Demonspawn Fighter on June 22, 2023.
             Killed from afar by a white imp (9 damage)
             ... with a puff of frost
             ... summoned by Eustachio
             ... on level 6 of the Dungeon.
             The game lasted 00:14:46 (5584 turns).

IdlyInterested the Trooper (Demonspawn Fighter)     Turns: 5584, Time: 00:14:46

Health: -5/67      AC: 11    Str: 25    XL:     8   Next: 27%
Magic:  8/8        EV: 11    Int:  9    God:
Gold:   200        SH:  4    Dex: 13    Spells: 8/8 levels left

rFire   . . .        b - +1 rapier (speed)
rCold   . . .        c - +0 buckler
rNeg    . . .        z - +0 chain mail
rPois   .            q - +0 helmet
rElec   .            (no cloak)
rCorr   .            (no gloves)
SInv    .            v - +0 pair of boots
Will    .....        (no amulet) Stlth
                     F - +6 ring of strength
HPRegen 0.31/turn    (no ring)
MPRegen 0.11/turn

%: no passive effects
@: mighty
A: repulsion field 1, foul stench 1, demonic magic 1
a: no special abilities


You were on level 6 of the Dungeon.
You visited 1 branch of the dungeon, and saw 6 of its levels.

You collected 200 gold pieces.

Inventory:

Hand Weapons
 a - a +0 trident
 b - a +1 rapier of speed (weapon)
 h - a +0 rapier
 m - a +0 dagger of freezing
Missiles
 i - 10 stones (quivered)
 k - 28 poisoned darts
 B - 5 boomerangs
 E - 6 javelins
Armour
 c - a +0 buckler (worn)
 q - a +0 helmet (worn)
 r - a +0 leather armour of cold resistance
 v - a +0 pair of boots (worn)
 w - an orb of guile
 y - a +1 robe of positive energy
 z - a +0 chain mail (worn)
Jewellery
 F - a +6 ring of strength (left hand)
Wands
 u - a wand of mindburst (21)
 C - a wand of digging (11)
 D - a wand of charming (3)
 G - a wand of roots (4)
Scrolls
 e - 2 scrolls of vulnerability {unknown}
 f - 3 scrolls of noise {unknown}
 j - a scroll of enchant armour {unknown}
 l - 2 scrolls of teleportation {unknown}
 n - a scroll of revelation {unknown}
 p - 3 scrolls of immolation {unknown}
 x - a scroll of blinking {unknown}
Potions
 d - 2 potions of might
 g - 2 potions of mutation
 s - 2 potions of resistance
 t - a potion of invisibility
 A - a potion of magic {unknown}


   Skills:
 - Level 7.5 Fighting
 * Level 2.3 Short Blades
 - Level 3.0 Polearms
 - Level 2.0 Throwing
 - Level 4.0 Armour
 - Level 3.0 Dodging
 - Level 2.6 Shields
 + Level 0.6 Spellcasting
 - Level 2.0 Evocations


You had 8 spell levels left.
You didn't know any spells.
Your spell library contained the following spells:

 Spells                   Type           Power      Damage    Failure   Level
 Slow                     Hex            0%         N/A       94%         1
 Confusing Touch          Hex            0%         N/A       100%        3
 Vampiric Draining        Necr           0%         2d6       100%        3


Dungeon Overview and Level Annotations

Branches:
Dungeon (6/15)
 Temple: D:4-7

Altars:
Cheibriados
Dithmenos

Shops:
D:1 [   D:3 !   D:4 ?

Annotations:
D:6 Eustachio


Innate Abilities, Weirdness & Mutations

You are surrounded by a mild repulsion field. (EV +2)
You may rarely emit foul miasma when damaged in melee.
Spells you cast may paralyse adjacent enemies.


Message History

The white imp gestures at you. The puff of frost hits you!
* * * LOW HITPOINT WARNING * * *
You closely miss Eustachio.
Eustachio is moderately wounded.
You block the bat's attack. The white imp gestures at you.
The puff of frost hits you but does no damage.
Eustachio casts a spell.
You closely miss Eustachio.
Eustachio is moderately wounded.
You block the bat's attack. The white imp gestures at you.
The puff of frost hits you.
* * * LOW HITPOINT WARNING * * *
You puncture Eustachio!
Eustachio is heavily wounded.
The bat hits you but does no damage. You block Eustachio's attack.
The white imp barely misses you.
You hit Eustachio.
Eustachio is severely wounded.
The bat barely misses you. Eustachio hits you with a +0 rapier.
* * * LOW HITPOINT WARNING * * *
You closely miss Eustachio.
Eustachio is severely wounded.
The quasit closely misses you.
The quasit claws you but does no damage.
The quasit barely misses you.
The white imp hits you but does no damage.
The bat closely misses you.
You barely miss Eustachio.
Eustachio is severely wounded.
The bat closely misses you.
Eustachio yells, "Perjured traitor, DIE!"
Eustachio barely misses you. You block the quasit's attack.
The quasit barely misses you.
The quasit claws you but does no damage.
The white imp gestures at you. The puff of frost hits you!
You die...

$...... ####.....#
#....<#.r . #.# ..#.#
##.. #(# #.#.##.'.
######)###....#.#
#..........#...#.## ..
#.....5....#...#..###...
#......@@....#.........#
#...)b..5..))...#.#..#.#
#...).......##..........
#<..).......# ..#.....($
#...........# #.........
#####.###.......##...<.o
...# #.#####.........
?.### #.# ####.#.oo? #.#
#.# # #.o$.


You could see Eustachio, a quasit (summoned), a white imp (summoned) and a bat
(summoned).

Vanquished Creatures
  Menkaure (D:6)
  A sky beast (D:6)
  2 black bears (D:5)
  2 ogres (D:5)
  A kobold brigand (D:6)
  A bullfrog (D:6)
  2 scorpions
  A howler monkey (D:6)
  A crimson imp (D:6)
  A hound (D:5)
  A gnoll bouda (D:6)
  A sleepcap (D:5)
  2 iguanas
  2 orc wizards (D:5)
  4 gnolls (D:6)
  2 adders (D:2)
  2 shadow imps
  A white imp (D:5)
  4 worms
  2 dart slugs
  13 orcs
  5 endoplasms
  2 giant cockroaches
  4 goblins
  7 hobgoblins
  8 jackals
  5 kobolds
  A quokka (D:2)
  6 ball pythons
  6 bats
  3 frilled lizards
  4 rats
98 creatures vanquished.

Notes
Turn   | Place    | Note
-------+----------+-------------------------------------------
     0 | D:1      | IdlyInterested the Demonspawn Fighter began the quest for
                  | the Orb.
     0 | D:1      | Reached XP level 1. HP: 18/18 MP: 1/1
   200 | D:1      | Found Vesoc's Antique Armour Shop.
   307 | D:1      | Gained mutation: You may rarely emit foul miasma when
                  | damaged in melee. [demonic ancestry]
   307 | D:1      | Reached XP level 2. HP: 21/24 MP: 2/2
   556 | D:2      | Reached skill level 1 in Dodging
   741 | D:2      | Reached XP level 3. HP: 17/29 MP: 3/3
  2002 | D:3      | Reached XP level 4. HP: 28/37 MP: 4/4
  2210 | D:3      | You fall into a shaft and drop 1 floor!
  2525 | D:3      | Reached skill level 1 in Evocations
  2566 | D:3      | Reached skill level 4 in Fighting
  2730 | D:3      | Found a shadowy altar of Dithmenos.
  2855 | D:3      | Found Qujosis's Distillery.
  3073 | D:4      | Found Qyvilug's Magic Scroll Shop.
  3912 | D:5      | Entered Level 5 of the Dungeon
  4057 | D:5      | Noticed a black bear
  4070 | D:5      | Killed a black bear
  4071 | D:5      | Reached skill level 5 in Fighting
  4071 | D:5      | Reached skill level 1 in Throwing
  4071 | D:5      | Gained mutation: You are surrounded by a mild repulsion
                  | field. (EV +2) [demonic ancestry]
  4071 | D:5      | Reached XP level 5. HP: 31/44 MP: 5/5
  4249 | D:5      | Noticed an ogre
  4253 | D:5      | Killed an ogre
  4254 | D:5      | Reached XP level 6. HP: 51/51 MP: 6/6
  4338 | D:5      | Found a snail-covered altar of Cheibriados.
  4568 | D:5      | Reached skill level 6 in Fighting
  4806 | D:5      | Reached XP level 7. HP: 47/59 MP: 7/7
  5204 | D:6      | Noticed Eustachio
  5246 | D:6      | Noticed Menkaure
  5254 | D:6      | Killed Menkaure
  5258 | D:6      | Reached skill level 7 in Fighting
  5271 | D:6      | Gained mutation: Spells you cast may paralyse adjacent
                  | enemies. [demonic ancestry]
  5271 | D:6      | Reached XP level 8. HP: 28/67 MP: 8/8
  5286 | D:6      | Reached skill level 1 in Short Blades
  5584 | D:6      | Killed from afar by a white imp

Illustrated notes

Levels and vault maps discovered:
D:1:      wander_arrival_peaceful_grave, layout_basic, serial_shops, shop,
          grunt_decor_resistance, bh_walls_and_bars
D:2:      layout_basic
D:3:      layout_basic, grunt_dithmenos_smoke, serial_shops,
          nicolae_shop_advertising_works [nicolae_subvault_shop_adworks],
          dk_noncrumbling_2, grunt_ministairs_15, minmay_door_square
D:4:      layout_layer_cave, serial_shops, nicolae_shop_tiny_waterfront
D:5:      layout_basic, cheibriados_altar_1
D:6:      layout_rooms, grunt_temple_overflow_lords_of_destruction,
          nicolae_sif_muna_little_library, minmay_temple_entry_crystal_x,
          uniq_edmund, uniq_eustachio, uniq_menkaure

Skill      XL: |  1  2  3  4  5  6  7  8 |
---------------+-------------------------+-----
Armour         | 3 4 |  4.0
Dodging        | 1 2 3 |  3.0
Polearms       | 2 3 |  3.0
Evocations     | 1 2 |  2.0
Fighting       | 5 6 7 |  7.5
Throwing       | 1 2 |  2.0
Short Blades   | 2 |  2.3
Shields        | |  2.6
Spellcasting   | |  0.6

Action                     |  1- 3 |  4- 6 |  7- 9 || total
---------------------------+-------+-------+-------++-------
  Melee: Trident           |   151 |   145 |    65 ||   361
         Rapier            |       |       |    83 ||    83
  Throw: Stone             |     8 |    23 |       ||    31
    Use: Scroll            |     3 |     1 |       ||     4
         Potion            |     1 |       |     4 ||     5
   Stab: Sleeping          |     1 |       |       ||     1
 Armour: Scale mail        |    17 |       |       ||    17
         Leather armour    |    42 |     9 |       ||    51
         Chain mail        |       |    52 |    75 ||   127
  Dodge: Dodged            |    62 |    69 |   101 ||   232
  Block: Buckler           |    35 |    18 |    31 ||    84

Table legend: (Time is in decaauts)
 A = Elapsed time spent in this place.
 B = Non-inter-level travel time spent in this place.
 C = Inter-level travel time spent in this place.
 D = Time resting spent in this place.
 E = Time spent auto-exploring this place.
 F = Levels seen in this place.
 G = Mean time per level.
                   A        B        C        D        E       F      G
               +--------+--------+--------+--------+--------+-----+--------+
         Total |   5651 |   5095 |    556 |    778 |   3090 |   6 |  941.8 |
       Dungeon |   5651 |   5095 |    556 |    778 |   3090 |   6 |  941.8 |
               +--------+--------+--------+--------+--------+-----+--------+

Top non-repeatable levels by time:
     D:2: 1317 daAuts
     D:5: 1237 daAuts
     D:4: 1104 daAuts
     D:3: 1051 daAuts
     D:1: 606 daAuts
     D:6: 333 daAuts
